 Dungeon Sprint DCSS version 0.21.1-1-g345015f (webtiles) character file.

3900000 Fang the Axe Maniac (level 25, -40/257 HPs)
             Began as a Minotaur Gladiator on May 6, 2018.
             Was the Champion of Makhleb.
             Annihilated by a sculptor of flesh
             ... wielding a +9 great sword
              (241 damage)
             ... in the Dungeon (Sprint VIII: "Arena of Blood").
             The game lasted 00:01:10 (39 turns).

Fang the Axe Maniac (Minotaur Gladiator)              Turns: 39, Time: 00:01:10

Health: -40/257    AC:  6    Str: 28    XL:     25   Next: 16%
Magic:  20/53      EV: 32    Int:  5    God:    Makhleb [******]
Gold:   0          SH:  0    Dex: 15    Spells: 78/78 levels left

rFire    . . .     SeeInvis .   l - +∞ Axe of Woe
rCold    . . .     Gourm    .   (shield currently unavailable)
rNeg     . . .     Faith    .   b - +0 leather armour
rPois    .         Spirit   .   c - +0 hat
rElec    .         Reflect  .   (no cloak)
rCorr    .         Harm     .   (no gloves)
MR       +....     NoTele   +   (no boots)
Stlth    +++++++++.             (no amulet)
HPRegen  0.52/turn              (no ring)
MPRegen  0.33/turn              (no ring)

@: no status effects
A: retaliatory headbutt, horns 2
a: Minor Destruction, Lesser Servant of Makhleb, Major Destruction, Greater
Servant of Makhleb, Renounce Religion


You were in the Dungeon.
You worshipped Makhleb.
Makhleb was exalted by your worship.
You were not hungry.

You visited 1 branch

Inventory:

Hand Weapons
 a - a +0 war axe
 l - the +∞ Axe of Woe (weapon)
   (You found it in the Dungeon)
Missiles
 d - 3 throwing nets (quivered)
Armour
 b - a +0 leather armour (worn)
 c - a +0 hat (worn)
Scrolls
 k - a scroll of blinking
Potions
 e - a potion of curing
 g - a potion of heal wounds
 h - a potion of haste
 i - 2 potions of magic
 j - a potion of berserk rage
Comestibles
 f - a ration


   Skills:
 O Level 27 Fighting
 O Level 27 Axes
 O Level 27 Throwing
 O Level 27 Armour
 O Level 27 Dodging
 O Level 27 Stealth
 O Level 27 Unarmed Combat
 O Level 27 Spellcasting
 O Level 27 Invocations


You had 78 spell levels left.
You didn't know any spells.

Dungeon Overview and Level Annotations

Branches:
Dungeon (1/1)

Altars:
Makhleb


Innate Abilities, Weirdness & Mutations

You reflexively headbutt those who attack you in melee.
You have a pair of horns on your head.


Message History

A destroyer comes into view.
It is wielding a +9 great sword of slicing.
The destroyer shouts!
You slice the crawling corpse!!
You hew the crawling corpse savagely.
You destroy the crawling corpse!
You are engulfed in blazing flames.
You hear a shout! x2
The sculptor of flesh is engulfed in blazing flames.
You hear a shout!
The large abomination is engulfed in blazing flames.
The sculptor of flesh is engulfed in blazing flames.
A meat berserker comes into view. It is wielding a +9 battleaxe.
You are engulfed in blazing flames.
You hear a shout! x6
The large abomination hits you!!
The sculptor of flesh is engulfed in blazing flames.
You hear a shout! x2
The destroyer blinks!
The sculptor of flesh hits you with a +9 great sword!!!!!
Ouch! That really hurt!
You die...

.#..%§...._......
.......#.....#
.......#_)§._# .
..%....#))x..#....
.#...§§§.._)......
O.%..§)z§###......
..%%###Xz)§..V###.
..... #zX.....#
.....§#@).....#
.....§V§).......
#....§§)).......
................
#.............O#
...o.#........#.
...%%.........#
....##.#.......
.%.. .. .......


You could see 2 destroyers, 3 sculptors of flesh, 2 large abominations, a meat
berserker (berserk), a bag of meat and a crawling corpse.

Vanquished Creatures
  7 vampire knights (D)
  7 ogres (D)
  3 two-headed ogres (D)
  24 orcs (D)
  A large abomination (D)
  A crawling corpse (D)
43 creatures vanquished.

Notes
Turn   | Place    | Note
-------+----------+-------------------------------------------
     0 | D        | Found the +∞ Axe of Woe
     0 | D        | Fang the Minotaur Gladiator began the quest for the Orb.
     0 | D        | Reached XP level 1. HP: 18/18 MP: 0/0
     3 | D        | Noticed a bag of meat
     3 | D        | Noticed a meat berserker
     4 | D        | Became a worshipper of Makhleb the Destroyer
     5 | D        | Noticed a meat berserker
     5 | D        | Killed a meat berserker
     5 | D        | Reached XP level 2. HP: 44/44 MP: 1/1
     5 | D        | Reached XP level 3. HP: 50/50 MP: 2/2
     5 | D        | Reached XP level 4. HP: 58/58 MP: 3/3
     5 | D        | Reached XP level 5. HP: 64/64 MP: 4/4
     5 | D        | Reached XP level 6. HP: 72/72 MP: 5/5
     5 | D        | Reached XP level 7. HP: 79/79 MP: 6/6
     5 | D        | Reached XP level 8. HP: 86/86 MP: 7/7
     5 | D        | Reached XP level 9. HP: 93/93 MP: 8/8
     5 | D        | Reached XP level 10. HP: 101/101 MP: 9/9
     5 | D        | Reached XP level 11. HP: 107/107 MP: 10/10
     5 | D        | Reached XP level 12. HP: 115/115 MP: 11/11
     5 | D        | Reached XP level 13. HP: 122/122 MP: 12/12
     6 | D        | Noticed a bag of meat
     6 | D        | Noticed a bag of meat
     7 | D        | Noticed a bag of meat
     7 | D        | Killed a meat berserker
     7 | D        | Reached * piety under Makhleb
     7 | D        | Reached skill level 15 in Fighting
     7 | D        | Reached skill level 27 in Axes
     7 | D        | Reached XP level 14. HP: 135/135 MP: 13/13
     8 | D        | Noticed a bag of meat
     8 | D        | Noticed a meat berserker
     9 | D        | Killed a bag of meat
    10 | D        | Noticed a bag of meat
    11 | D        | Killed a bag of meat
    11 | D        | Reached skill level 27 in Dodging
    11 | D        | Reached XP level 15. HP: 112/154 MP: 14/14
    13 | D        | Noticed a meat berserker
    14 | D        | Reached ** piety under Makhleb
    14 | D        | Reached skill level 5 in Armour
    14 | D        | Killed a meat berserker
    14 | D        | Reached XP level 16. HP: 71/180 MP: 15/15
    17 | D        | Reached skill level 27 in Fighting
    17 | D        | Reached *** piety under Makhleb
    17 | D        | Reached skill level 10 in Armour
    17 | D        | Reached skill level 27 in Throwing
    17 | D        | Reached XP level 17. HP: 100/191 MP: 16/16
    17 | D        | Killed a meat berserker
    18 | D        | Reached **** piety under Makhleb
    18 | D        | Reached skill level 27 in Armour
    18 | D        | Reached skill level 10 in Unarmed Combat
    18 | D        | Reached skill level 10 in Invocations
    18 | D        | Reached XP level 18. HP: 195/200 MP: 16/27
    19 | D        | Noticed a large bag of meat
    19 | D        | Noticed a meat berserker
    20 | D        | Reached skill level 15 in Unarmed Combat
    20 | D        | Reached skill level 10 in Spellcasting
    21 | D        | Noticed a large bag of meat
    21 | D        | Reached ***** piety under Makhleb
    21 | D        | Reached skill level 15 in Invocations
    23 | D        | Noticed a meat berserker
    24 | D        | Noticed a destroyer
    24 | D        | Noticed a destroyer
    24 | D        | Killed a large bag of meat
    24 | D        | Reached XP level 19. HP: 135/207 MP: 17/35
    25 | D        | Noticed a large bag of meat
    26 | D        | Killed a meat berserker
    26 | D        | Reached skill level 15 in Spellcasting
    27 | D        | Killed a meat berserker
    27 | D        | Reached XP level 20. HP: 216/216 MP: 17/40
    27 | D        | Killed a large bag of meat
    28 | D        | Noticed a destroyer
    28 | D        | Noticed a destroyer
    29 | D        | Noticed a destroyer
    29 | D        | Reached skill level 27 in Unarmed Combat
    29 | D        | Reached ****** piety under Makhleb
    30 | D        | Noticed a meat berserker
    30 | D        | Noticed a destroyer
    30 | D        | Noticed a destroyer
    31 | D        | Killed a destroyer
    31 | D        | Reached skill level 27 in Invocations
    31 | D        | Reached XP level 21. HP: 212/224 MP: 18/45
    31 | D        | Killed a destroyer
    31 | D        | Reached skill level 27 in Stealth
    31 | D        | Reached skill level 27 in Spellcasting
    31 | D        | Reached XP level 22. HP: 233/233 MP: 18/52
    32 | D        | Killed a destroyer
    32 | D        | Killed a large bag of meat
    32 | D        | Reached XP level 23. HP: 240/240 MP: 18/53
    32 | D        | Killed a destroyer
    33 | D        | Noticed a destroyer
    34 | D        | Killed a destroyer
    34 | D        | Reached XP level 24. HP: 249/249 MP: 19/53
    34 | D        | Killed a destroyer
    36 | D        | Killed a destroyer
    36 | D        | Reached XP level 25. HP: 257/257 MP: 19/53
    38 | D        | Noticed a destroyer
    39 | D        | Annihilated by a sculptor of flesh

Skill      XL: |  1  2  3  4  5  6  7  8  9 10 11 12 13 14 15 16 17 18 19 20 21 |
---------------+----------------------------------------------------------------+-----
Fighting       | 13 15 19 26 27 | 27.0
Axes           | 23 27 | 27.0
Throwing       | 11 13 16 22 27 | 27.0
Dodging        | 21 24 27 | 27.0
Armour         | 4 7 17 27 | 27.0
Stealth        | 9 16 21 26 27 | 27.0
Unarmed Combat | 10 19 24 27 | 27.0
Spellcasting   | 7 13 17 21 27 | 27.0
Invocations    | 10 18 22 27 | 27.0

Action                   |  1- 3 |  4- 6 |  7- 9 | 10-12 | 13-15 | 16-18 | 19-21 | 22-24 | 25-27 || total
-------------------------+-------+-------+-------+-------+-------+-------+-------+-------+-------++-------
Melee: Executioner's axe |     1 |       |       |       |     4 |     6 |     4 |     4 |     2 ||    21
Dodge: Dodged            |       |       |       |       |     1 |       |       |     1 |       ||     2
